cohdb
Replays
Latest Replays
All Replays
Popular Replays
Top Player Replays
Match Explorer
How It Works
Community
CoH3 Stats
Reddit
Sign in to upload your games and track your stats! →
Sign in with Steam
Match 28994292
Unlisted
Match 28994292
Overview
Messages
Build Orders
End
Panzergrenadier Squad
Selects Italian Combined Arms Battlegroup
Kradschützen Motorcycle Team
Panzergrenadier Squad
Construct Light Support Kompanie
MG34 Team
Fire Support Elements
Pak 38 Anti-tank Gun Team
Panzergrenadier Squad
Veteran Squad Leaders
Selects Semovente da 75/18 Assault Gun
Selects Bersaglieri Squad
Selects Carro Armato M13/40 Light Tank
Carro Armato M13/40 Light Tank
Carro Armato M13/40 Light Tank
Vehicle Survival Package
Carro Armato M13/40 Light Tank
Ermac
Mixrundiy
Lost
Mario
Dumais
Izutsumi
Thomas
Rei
0
0
Comments
sign in to comment!
No comments posted yet!